 Dungeon Crawl Stone Soup version 0.22.1 (webtiles) character file.

500 MalarOregon the Firebug (level 7, -3/56 HPs)
             Began as a Hill Orc Fire Elementalist on Sept 17, 2018.
             Was an Initiate of Nemelex Xobeh.
             Slain by a sky beast (5 damage)
             ... on level 5 of the Dungeon.
             The game lasted 00:12:07 (5407 turns).

MalarOregon the Firebug (HOFE)                      Turns: 5407, Time: 00:12:08

Health: -3/56      AC:  4    Str: 11    XL:     7   Next: 16%
Magic:  2/10       EV: 13    Int: 21    God:    Nemelex Xobeh [......]
Gold:   244        SH:  0    Dex: 11    Spells: 9/10 levels left

rFire    . . .     SeeInvis .   n - +0 war axe
rCold    . . .     Gourm    .   (no shield)
rNeg     . . .     Faith    .   a - +0 robe
rPois    .         Spirit   .   q - +0 helmet
rElec    .         Reflect  .   j - +0 cloak
rCorr    .         Harm     .   (no gloves)
MR       .....                  (no boots)
Stlth    ++........             i - amulet of rage
HPRegen  0.18/turn              d - +4 ring of intelligence
MPRegen  0.12/turn              (no ring)

@: no status effects
A: no striking features
a: Renounce Religion, Evoke Berserk Rage


You were on level 5 of the Dungeon.
You worshipped Nemelex Xobeh.
Nemelex Xobeh was noncommittal.
You were hungry.

You visited 2 branches of the dungeon, and saw 6 of its levels.
You also visited: Sewer.

You collected 244 gold pieces.

Inventory:

Hand Weapons
 n - a +0 war axe (weapon)
Armour
 a - a +0 robe (worn)
 j - a +0 cloak (worn)
 k - a +0 ring mail of magic resistance
 q - a +0 helmet (worn)
Jewellery
 d - a +4 ring of intelligence (left hand)
 i - an amulet of rage (around neck)
 r - an uncursed ring of resist corrosion {unknown}
 t - an uncursed ring of protection from fire {unknown}
Scrolls
 e - 3 scrolls of teleportation
 l - 2 scrolls of identify
 s - 2 scrolls of remove curse
 v - 2 scrolls of fear
 x - a scroll of blinking
 y - a scroll of enchant weapon
Potions
 b - 2 potions of invisibility {unknown}
 f - 3 potions of berserk rage {unknown}
 g - a potion of might
 h - 4 potions of curing {unknown}
 m - 2 potions of agility {unknown}
 o - a potion of cancellation {unknown}
 p - a potion of mutation {unknown}
 u - a potion of heal wounds {unknown}
 w - a potion of haste {unknown}
Miscellaneous
 A - a plain deck of destruction
Comestibles
 c - 9 rations
 z - 4 chunks of flesh


   Skills:
 + Level 2.6 Fighting
 * Level 3.4 Axes
 + Level 1.3 Armour
 * Level 2.9 Dodging
 - Level 2.1 Stealth
 - Level 2.0 Spellcasting
 * Level 3.0 Conjurations
 * Level 4.7 Fire Magic
 * Level 1.1 Invocations
 * Level 0.8 Evocations


You had 9 spell levels left.
You knew the following spells:

 Your Spells              Type           Power        Failure   Level  Hunger
a - Flame Tongue          Conj/Fire      ###..        3%          1    #......

Your spell library contained the following spells:

 Spells                   Type           Power        Failure   Level  Hunger
 Throw Flame              Conj/Fire      ###...       4%          2    ##.....
 Conjure Flame            Conj/Fire      ###.....     9%          3    ###....
 Inner Flame              Hex/Fire       ##......     17%         3    ###....
 Sticky Flame             Conj/Fire      ###.....     30%         4    #####..
 Fireball                 Conj/Fire      ###.......   63%         5    ######.


Dungeon Overview and Level Annotations

Branches:
Dungeon (5/15)             Temple (1/1) D:4

Altars:
Cheibriados
Elyvilon
Hepliaklqana
Kikubaaqudgha
Nemelex Xobeh
Okawaru
Ru
Uskayaw
Wu Jian
Xom
Zin
The Shining One


Message History

Something shocks you.
* * * LOW HITPOINT WARNING * * *
Casting: Flame Tongue (safe; 3% risk of failure)
Confirm with . or Enter, or press ? or * to list all spells.
Aiming: Flame Tongue (safe; 3% risk of failure)
Press: ? - help, Shift-Dir - straight line Something hits you.
* * * LOW HITPOINT WARNING * * *
Something shocks you.
* * * LOW HITPOINT WARNING * * *
A sky beast appears from thin air!
Reactivating autopickup.
Casting: Flame Tongue (safe; 3% risk of failure)
Confirm with . or Enter, or press ? or * to list all spells.
Aiming: Flame Tongue (safe; 3% risk of failure)
Press: ? - help, Shift-Dir - straight line, f - sky beast
Aim: a sky beast (almost dead)
The flame tongue misses the sky beast.
The sky beast hits you.
You die...
Your body disappears without a glow.

##### #...## ## ##+ #....
#..##$.##...# ## .......
....# .# ..... #...# .#
#..##...# .#
#..§Y...##+#.#
#..##@..##...# #.$
#........#### ### ....
#...##..##..##..# .....
#...##..........#
#................)......#
#...............##..##..#
#..##..##.......##..##..##
.. #...##...#........ #+##
#..##........


You could see a sky beast.

Vanquished Creatures
  An ogre (D:5)
  A crimson imp (D:5)
  A hound (D:4)
  2 worker ants
  A hound skeleton (D:4)
  Robin (D:3)
  8 adders
  4 river rats
  An adder skeleton (D:4)
  4 worms
  3 dart slugs
  2 leopard geckos
  15 orcs
  7 ball pythons (Sewer)
  4 bats
  7 giant cockroaches
  14 hobgoblins
  12 jackals
  3 quokkas
  5 frilled lizards
  18 goblins
  8 kobolds
  A leopard gecko zombie (D:5)
  21 rats
144 creatures vanquished.

Notes
Turn   | Place    | Note
-------+----------+-------------------------------------------
     0 | D:1      | MalarOregon the Hill Orc Fire Elementalist began the quest
                  | for the Orb.
     0 | D:1      | Reached XP level 1. HP: 14/14 MP: 3/3
   170 | D:1      | Reached XP level 2. HP: 6/22 MP: 0/4
   725 | D:1      | Reached skill level 1 in Fighting
   799 | D:1      | Reached XP level 3. HP: 28/28 MP: 0/5
   963 | D:2      | Found a faded altar of an unknown god.
  1236 | D:2      | Reached XP level 4. HP: 9/35 MP: 3/6
  1507 | D:2      | Reached skill level 1 in Axes
  3045 | D:3      | Reached XP level 5. HP: 41/41 MP: 3/8
  3346 | D:3      | Reached skill level 4 in Fire Magic
  3575 | D:3      | Noticed Robin
  3670 | D:3      | Killed Robin
  3848 | D:4      | Reached XP level 6. HP: 25/48 MP: 2/9
  3919 | D:4      | Found a glowing drain.
  4149 | Sewer    | Entered a sewer
  4432 | Sewer    | Reached skill level 1 in Armour
  4534 | D:4      | Found a staircase to the Ecumenical Temple.
  4540 | Temple   | Entered the Ecumenical Temple
  4924 | Temple   | Became a worshipper of Nemelex Xobeh the Trickster
  5277 | D:5      | Entered Level 5 of the Dungeon
  5330 | D:5      | Reached skill level 1 in Invocations
  5330 | D:5      | Reached XP level 7. HP: 32/56 MP: 4/10
  5379 | D:5      | Received a gift from Nemelex Xobeh
  5404 | D:5      | HP: 1/56 [something (6)]
  5407 | D:5      | Slain by a sky beast

Skill      XL: |  1  2  3  4  5  6 |
---------------+-------------------+-----
Fighting       | 1 2 |  2.6
Dodging        | 2 |  2.9
Stealth        | 2 |  2.1
Axes           | 1 2 3 |  3.4
Spellcasting   | 2 |  2.0
Conjurations   | 2 3 |  3.0
Fire Magic     | 4 |  4.7
Armour         | 1 |  1.3
Invocations    | 1 |  1.1
Evocations     | |  0.8

Action                   |  1- 3 |  4- 6 |  7- 9 || total
-------------------------+-------+-------+-------++-------
Melee: Unarmed           |    17 |       |       ||    17
       Hand axe          |     8 |    51 |       ||    59
       War axe           |       |    81 |    14 ||    95
 Cast: Flame Tongue      |    47 |   152 |    10 ||   209
  Use: Scroll            |     7 |     1 |       ||     8
 Stab: Sleeping          |       |     4 |       ||     4
  Eat: Chunk             |     1 |    14 |     1 ||    16
Armor: Robe              |     5 |    44 |     7 ||    56
Dodge: Dodged            |    20 |   122 |    16 ||   158
